 Dungeon Crawl Stone Soup version 0.17-a0-1685-g57e755e (webtiles) character file.

1549 karlkraus the Shield-Bearer (level 8, -6/71 HPs)
             Began as a Minotaur Fighter on Aug 20, 2015.
             Was a Believer of Qazlal.
             Killed from afar by an electric eel (11 damage)
             ... with a bolt of electricity
             ... on level 6 of the Dungeon.
             The game lasted 00:10:24 (3796 turns).

karlkraus the Shield-Bearer (Minotaur Fighter)      Turns: 3796, Time: 00:10:24

Health: -6/71      AC: 16    Str: 22    XL:     8   Next: 57%
Magic:  7/7        EV:  8    Int: 11    God:    Qazlal [**....]
Gold:   196        SH: 13    Dex: 11    Spells: 0 memorised, 7 levels left

rFire  + . .     SeeInvis .     k - +2 mace (crush)
rCold  . . .     Clarity  .     a - +1 chain mail {rF+}
rNeg   . . .     SustAt   .     c - +0 shield
rPois  .         Gourm    .     m - +2 hat
rElec  .         Spirit   .     y - +0 cloak
rCorr  .         Warding  .     (no gloves)
rMut   .         Stasis   .     (no boots)
MR     .....                    (no amulet)
Stlth  ..........               z - +2 ring of protection
                                b - +6 ring of intelligence

@: not resistant to hostile enchantments, extremely unstealthy
A: retaliatory headbutt, horns 2
a: Upheaval, Renounce Religion


You were on level 6 of the Dungeon.
You worshipped Qazlal.
Qazlal was pleased with you.
You were near starving.

You visited 1 branch of the dungeon, and saw 6 of its levels.

You collected 196 gold pieces.

Inventory:

Hand weapons
 k - a +2 mace of crushing (weapon)
 B - a cursed +3 mace
Armour
 a - a +1 chain mail of fire resistance (worn)
 c - a +0 shield (worn)
 m - a +2 hat (worn)
 y - a +0 cloak (worn)
Jewellery
 b - a +6 ring of intelligence (left hand)
 h - an uncursed ring of ice
 z - a +2 ring of protection (right hand)
 A - a cursed -2 ring of dexterity {unknown}
Magical devices
 l - a wand of enslavement (5)
Scrolls
 f - 6 scrolls of identify
 p - a scroll of random uselessness
 q - 2 scrolls of remove curse
 s - 3 scrolls of teleportation
 t - 2 scrolls of blinking
 v - a scroll of fear {unknown}
 w - a scroll of immolation {unknown}
Potions
 d - 2 potions of might
 g - 2 potions of curing
 i - 2 potions of cancellation {unknown}
 j - a potion of agility {unknown}
 r - a potion of heal wounds {unknown}
 u - a potion of flight {unknown}
 x - a potion of degeneration {unknown}
Comestibles
 e - 5 bread rations
 n - 3 meat rations
 o - a beef jerky


   Skills:
 + Level 6.3 Fighting
 + Level 6.0 Maces & Flails
 + Level 7.0 Armour
 + Level 4.6 Dodging
 + Level 0.8 Stealth
 + Level 7.3 Shields


You had 7 spell levels left.
You didn't know any spells.

Dungeon Overview and Level Annotations

Branches:
Dungeon (6/15)             Temple (0/1) D:6

Altars:
Gozag
Kikubaaqudgha
Nemelex Xobeh
Okawaru
Qazlal
Ru
Vehumet

Shops:
D:5 [


Innate Abilities, Weirdness & Mutations

You reflexively headbutt those who attack you in melee.
You have a pair of horns on your head.


Message History

Unknown command.
You are too injured to fight recklessly!
Unknown command.
You are too injured to fight recklessly!
You are too injured to fight recklessly!
Unknown command.
You are too injured to fight recklessly!
Unknown command.
You are too injured to fight recklessly!
The electric eel shoots out a bolt of lightning at you!
The bolt of electricity hits the electric eel.
The electric eel completely resists.
The bolt of electricity hits you!
* * * LOW HITPOINT WARNING * * *
The electric eel shoots out a bolt of lightning at you!
The bolt of electricity hits you!
* * * LOW HITPOINT WARNING * * *
The electric eel shoots out a bolt of lightning at you!
The bolt of electricity hits the electric eel.
The electric eel completely resists.
The bolt of electricity hits you!
You die...

.#.......#♣♣≈P♣≈P≈≈≈≈≈≈≈
.#.......P♣≈≈≈≈≈≈≈≈≈≈≈≈≈
.+.......♣≈≈≈≈P≈P≈≈≈≈≈≈≈
.#.......♣≈P≈≈≈≈≈P;≈≈≈≈≈
+##.##...#♣≈≈≈≈≈≈≈≈≈≈≈≈≈
.##.###'##.≈♣≈≈P♣≈≈≈≈≈≈≈
.....#...#..≈♣≈≈≈;≈≈≈≈≈≈
.....#...#...>≈♣≈♣♣♣
.....#...'.....♣@♣P♣
.....#...#........#
.....+...#........#
.##.##...#........#
+##+##...#........#
.........'........#
.........#........#
.........#........#
###......#...))...#


You could see 2 electric eels.

Vanquished Creatures
  3 ice beasts
  2 centaurs
  A phantom (D:4)
  2 ogres (D:4)
  2 scorpions
  3 wights (D:6)
  A giant frog zombie (D:6)
  2 crimson imps
  An orc priest (D:6)
  A centaur zombie (D:6)
  A jelly (D:6)
  3 orc wizards (D:4)
  2 hounds
  4 worker ants
  A hound zombie (D:5)
  6 gnolls
  4 adders
  An ooze (D:3)
  4 giant geckos
  18 orcs
  6 hobgoblins
  5 jackals
  3 quokkas
  2 ball pythons
  6 bats
  2 giant cockroaches
  A giant gecko skeleton (D:5)
  3 giant newts
  6 goblins
  6 kobolds
  A quokka skeleton (D:6)
  5 rats
108 creatures vanquished.

Notes
Turn   | Place    | Note
--------------------------------------------------------------
     0 | D:1      | karlkraus the Minotaur Fighter began the quest for the Orb.
     0 | D:1      | Reached XP level 1. HP: 19/19 MP: 0/0
    72 | D:1      | Reached XP level 2. HP: 5/27 MP: 1/1
    83 | D:1      | Reached skill level 4 in Shields
   303 | D:1      | Reached XP level 3. HP: 25/33 MP: 2/2
   647 | D:2      | Found a stormy altar of Qazlal.
   647 | D:2      | Found an iron altar of Okawaru.
   647 | D:2      | Found a sparkling altar of Nemelex Xobeh.
   648 | D:2      | Found an opulent altar of Gozag.
   649 | D:2      | Found an ancient bone altar of Kikubaaqudgha.
   649 | D:2      | Found a sacrificial altar of Ru.
   650 | D:2      | Found a radiant altar of Vehumet.
   653 | D:2      | Became a worshipper of Qazlal Stormbringer
   697 | D:2      | Reached XP level 4. HP: 27/40 MP: 3/3
  1723 | D:3      | Reached XP level 5. HP: 42/47 MP: 4/4
  1842 | D:4      | Reached skill level 5 in Armour
  1859 | D:4      | Reached skill level 1 in Dodging
  1872 | D:4      | Acquired Qazlal's first power
  1872 | D:4      | Reached skill level 5 in Shields
  1941 | D:4      | Reached skill level 5 in Fighting
  1941 | D:4      | Reached XP level 6. HP: 36/56 MP: 5/5
  1971 | D:4      | Noticed a phantom
  1986 | D:4      | Killed a phantom
  2101 | D:4      | Noticed an ogre
  2106 | D:4      | Killed an ogre
  2141 | D:4      | Noticed an ogre
  2145 | D:4      | Killed an ogre
  2145 | D:4      | Reached XP level 7. HP: 52/61 MP: 6/6
  2343 | D:5      | Entered Level 5 of the Dungeon
  2395 | D:5      | Reached skill level 6 in Armour
  2531 | D:5      | Found Wick's Armour Shoppe.
  2676 | D:5      | Reached skill level 5 in Maces & Flails
  2782 | D:5      | Reached XP level 8. HP: 68/70 MP: 7/7
  3108 | D:6      | Acquired Qazlal's second power
  3150 | D:6      | Found a staircase to the Ecumenical Temple.
  3191 | D:6      | Found a sacrificial altar of Ru.
  3287 | D:6      | Reached skill level 7 in Shields
  3796 | D:6      | Killed from afar by an electric eel

Vault maps used:
D:1:      minmay_arrival_arboretum_small, grunt_decor_mini_mirrors,
          minmay_misc_feat_ornament
D:2:      grunt_temple_overflow_open
D:4:      first_bread
D:5:      serial_shops, shop
D:6:      temple_doors_e, serial_shops, kennysheep_mini_moat, basic_altar,
          serial_bayou_lake_a

Action                   |  1- 3 |  4- 6 |  7- 9 || total
-------------------------+-------+-------+-------++-------
Melee: Flail             |    57 |     4 |       ||    61
       Mace              |       |   126 |   107 ||   233
  Use: Scroll            |       |       |     8 ||     8
  Eat: Chunk             |       |     4 |     4 ||     8
